 Dungeon Crawl Stone Soup version 0.26-a0-597-gb535b0901c (webtiles) character file.

Game seed: 6654027445293984683

14 Lanoc the Sneak (level 2, -1/27 HPs)
             Began as a Hill Orc Delver on Sept 3, 2020.
             Was an Initiate of Beogh.
             Slain by a sky beast (6 damage)
             ... on level 5 of the Dungeon.
             The game lasted 00:01:17 (216 turns).

Lanoc the Sneak (Hill Orc Delver)                    Turns: 216, Time: 00:01:17

Health: -1/27      AC:  6    Str: 14    XL:     2   Next: 41%
Magic:  2/2        EV:  6    Int: 10    God:    Beogh [......]
Gold:   43         SH:  0    Dex: 12    Spells: 1/1 levels left

rFire    . . .     SeeInvis .   a - +0 hand axe
rCold    . . .     Faith    .   (no shield)
rNeg     . . .     Spirit   .   i - -2 chain mail (curse)
rPois    .         Reflect  .   (no helmet)
rElec    .         Harm     .   (no cloak)
rCorr    .                      (no gloves)
MR       .....                  (no boots)
Stlth    ..........             (no amulet)
HPRegen  0.09/turn              (no ring)
MPRegen  0.08/turn              (no ring)

@: no status effects
A: no striking features
a: Renounce Religion


You were on level 5 of the Dungeon.
You worshipped Beogh.
Beogh was noncommittal.
You visited 1 branch of the dungeon, and saw 1 of its levels.

You collected 43 gold pieces.

Inventory:

Hand Weapons
 a - a +0 hand axe (weapon)
Armour
 b - a +0 leather armour
 i - a cursed -2 chain mail (worn)
Wands
 g - a wand of digging (3)
Scrolls
 c - a scroll of fog
 d - a scroll of magic mapping
 e - a scroll of fear
Potions
 f - a potion of haste


   Skills:
 + Level 3.8 Fighting
 * Level 3.3 Axes
 + Level 1.7 Dodging
 - Level 4.1 Stealth
 + Level 1.0 Invocations


You had one spell level left.
You didn't know any spells.
Your spell library contained the following spells:

 Spells                   Type           Power        Failure   Level
 Summon Small Mammal      Summ           #...         100%        1
 Call Imp                 Summ           #.......     100%        2
 Call Canine Familiar     Summ           #.......     100%        3
 Summon Guardian Golem    Hex/Summ       #.......     100%        3
 Summon Ice Beast         Ice/Summ       #.......     100%        4
 Summon Lightning Spire   Summ/Air       #.......     100%        4


Dungeon Overview and Level Annotations

Branches:
Dungeon (5/15)
 Temple: D:4-7

Altars:


Message History

Deactivating autopickup; reactivate with Ctrl-A.
Reactivating autopickup.
The sky beast flickers out of sight!
Deactivating autopickup; reactivate with Ctrl-A.
A sky beast appears from thin air!
Reactivating autopickup.
The sky beast hits you but does no damage.
The sky beast flickers out of sight!
Deactivating autopickup; reactivate with Ctrl-A.
A sky beast appears from thin air!
Reactivating autopickup.
Things that are here:
a +0 dagger; a +0 robe; an orc corpse A sky beast appears from thin air!
The sky beast flickers out of sight!
Deactivating autopickup; reactivate with Ctrl-A.
The sky beast flickers out of sight!
Something hits you.
* * * LOW HITPOINT WARNING * * *
Something shocks you.
You die...

..##### #..##.#####
........###.##.....#####
..........#....###......
).......#..≈##...##.....
...............#.##.....
........##..{..#..#.....
......?.##.{..###.......
.......!.{{##.#####.....
.......@##.##.Y..##.....
........##.##..#..)#####
#.....#.#..###.###.#####
###.#.#.#.## #...#..)...
# #.#.#.# ###..≈##...
#.#...#.# #####..#... ##
#.##....####..........
####
#.##.........####.....
☼☼.#..##.......######
##....


There were no monsters in sight!

Vanquished Creatures
  An orc (D:5)
  A giant cockroach (D:5)
2 creatures vanquished.

Vanquished Creatures (others)
  A bullfrog (D:5)
  An orc wizard (D:5)
  An orc (D:5)
3 creatures vanquished.

Grand Total: 5 creatures vanquished

Notes
Turn   | Place    | Note
-------+----------+-------------------------------------------
     0 | D:5      | Lanoc the Hill Orc Delver began the quest for the Orb.
     0 | D:5      | Reached XP level 1. HP: 19/19 MP: 1/1
    29 | D:5      | Noticed an orc priest
    36 | D:5      | Noticed an orc wizard
    38 | D:5      | Became a worshipper of Beogh the Brigand
   131 | D:5      | Noticed a bullfrog
   133 | D:5      | Noticed a sky beast
   134 | D:5      | Noticed a sky beast
   153 | D:5      | Killed a bullfrog
   153 | D:5      | Reached skill level 1 in Invocations
   153 | D:5      | Reached XP level 2. HP: 8/27 MP: 2/2
   165 | D:5      | HP: 1/27 [something (6)]
   173 | D:5      | Killed an orc wizard
   216 | D:5      | Slain by a sky beast

Illustrated notes

Levels and vault maps discovered:
D:5:      lemuel_ice_spiral_2, layout_rooms, nicolae_ru_great_annihilating_truth

Skill      XL: |  1 |
---------------+----+-----
Axes           | 3 |  3.3
Invocations    | 1 |  1.0
Fighting       | |  3.8
Dodging        | |  1.7
Stealth        | |  4.1

Action                   || total
-------------------------++-------
Melee: Hand axe          ||     7
Invok: Convert to Beogh  ||     1
  Use: Scroll            ||     1
Armor: Chain mail        ||     4
Dodge: Dodged            ||     5

Table legend: (Time is in decaauts)
 A = Elapsed time spent in this place.
 B = Non-inter-level travel time spent in this place.
 C = Inter-level travel time spent in this place.
 D = Time resting spent in this place.
 E = Time spent auto-exploring this place.
 F = Levels seen in this place.
 G = Mean time per level.
                   A        B        C        D        E       F      G
               +--------+--------+--------+--------+--------+-----+--------+
         Total |    217 |    217 |      0 |      0 |     91 |   1 |  217.0 |
       Dungeon |    217 |    217 |      0 |      0 |     91 |   1 |  217.0 |
               +--------+--------+--------+--------+--------+-----+--------+

Top non-repeatable levels by time:
     D:5: 217 daAuts
